General information
			
			
        
        - name: BNet
 
        - type: Ladder team game (AT/RT)
 
        - host: Battle.net
 
        - saver: Gobiner
 
        
map: Highperch 
        - players: 6
 
        - length: 121:55
 
        - speed: Fast
 - version: 1.22 W3XP
 - replay type:  Public
 
» download(519 KB)
Players
        team 1 (winner) 
              
              
Blahsmack (
red | 22 APM | 2739 actions | 121:50)
              
 5 Blademaster 
 2 Wind Walk
 3 Critical Strike
 
                » actions 
                
                | Basic commands | 86 |  | 
| Build / train | 92 |  | 
| Enter build submenu | 53 |  | 
| Enter hero's abilities submenu | 5 |  | 
| Give item / drop item | 3 |  | 
| Remove unit from queue | 1 |  | 
| Right click | 1683 |  | 
| Select / deselect | 522 |  | 
| Use ability | 294 |  | 
                2739 total
 » units 
                
                | Peon | 20 |  | 
| Troll Batrider | 30 |  | 
| Kodo Beast | 1 |  | 
                51 total
 » upgrades
                
                | Spiked Barricades | 3 |  | 
| Liquid Fire | 1 |  | 
| Reinforced Defenses | 1 |  | 
| Ranged Weapons | 2 |  | 
| Armor | 1 |  | 
| Troll Regeneration | 1 |  | 
| Envenomed Spears | 1 |  | 
| War Drums Damage Increase | 1 |  | 
| Ensnare | 1 |  | 
                12 total
 » buildings
                
                | War Mill | 1 |  | 
| Orc Burrow | 6 |  | 
| Altar of Storms | 1 |  | 
| Watch Tower | 95 |  | 
| Voodoo Lounge | 2 |  | 
| Stronghold | 1 |  | 
| Fortress | 1 |  | 
| Beastiary | 2 |  | 
| Barracks | 1 |  | 
| Great Hall | 1 |  | 
                111 total
 » build order
                00:09 War Mill
00:14 Orc Burrow
00:23 Altar of Storms
01:45 Watch Tower
02:01 Orc Burrow
02:10 Voodoo Lounge
02:52 Watch Tower
02:53 Watch Tower
02:58 Watch Tower
04:12 Watch Tower
04:19 Stronghold
04:28 Watch Tower
06:16 Watch Tower
06:17 Watch Tower
06:18 Watch Tower
07:25 Fortress
07:30 Beastiary
07:31 Beastiary
07:35 Watch Tower
07:35 Watch Tower
07:36 Watch Tower
07:38 Watch Tower
07:38 Watch Tower
07:39 Watch Tower
07:41 Watch Tower
07:42 Watch Tower
07:43 Watch Tower
08:04 Voodoo Lounge
09:27 Orc Burrow
09:32 Orc Burrow
09:50 Watch Tower
10:59 Watch Tower
11:00 Watch Tower
11:01 Watch Tower
11:07 Watch Tower
11:09 Watch Tower
12:24 Watch Tower
12:25 Watch Tower
12:30 Watch Tower
13:34 Watch Tower
14:10 Watch Tower
16:11 Watch Tower
16:12 Watch Tower
16:12 Watch Tower
18:09 Watch Tower
18:10 Watch Tower
19:09 Watch Tower
19:11 Watch Tower
19:12 Watch Tower
19:13 Watch Tower
20:14 Watch Tower
20:14 Watch Tower
20:16 Watch Tower
20:28 Watch Tower
20:52 Barracks
20:59 Watch Tower
21:00 Watch Tower
21:01 Watch Tower
21:02 Watch Tower
21:04 Watch Tower
21:43 Watch Tower
21:57 Watch Tower
21:58 Watch Tower
22:40 Great Hall
22:48 Watch Tower
22:48 Watch Tower
22:49 Watch Tower
24:08 Watch Tower
24:10 Watch Tower
24:11 Watch Tower
24:11 Watch Tower
24:15 Watch Tower
24:17 Watch Tower
24:18 Watch Tower
29:23 Watch Tower
29:24 Watch Tower
29:24 Watch Tower
29:26 Watch Tower
29:26 Watch Tower
29:27 Watch Tower
29:38 Watch Tower
29:45 Watch Tower
31:32 Watch Tower
31:32 Watch Tower
31:33 Watch Tower
31:34 Watch Tower
31:36 Watch Tower
31:37 Watch Tower
31:37 Watch Tower
31:39 Watch Tower
31:40 Watch Tower
31:41 Watch Tower
31:41 Watch Tower
31:42 Watch Tower
31:43 Watch Tower
33:31 Watch Tower
34:45 Watch Tower
35:07 Watch Tower
35:10 Watch Tower
35:14 Watch Tower
36:36 Watch Tower
36:40 Watch Tower
36:43 Watch Tower
38:13 Watch Tower
38:14 Watch Tower
38:16 Watch Tower
38:17 Watch Tower
38:20 Watch Tower
38:21 Watch Tower
39:14 Orc Burrow
41:55 Orc Burrow
» items
                
                | Boots of Speed | 1 |  | 
| Staff of Teleportation | 2 |  | 
| Tiny Great Hall | 1 |  | 
| Potion of Healing | 4 |  | 
| Potion of Mana | 4 |  | 
| Orb of Lightning | 1 |  | 
| Scroll of Town Portal | 3 |  | 
| Healing Salve | 1 |  | 
| Lesser Clarity Potion | 1 |  | 
| Staff of Sanctuary | 1 |  | 
| Potion of Lesser Invulnerability | 1 |  | 
                20 total
  
               
              
              
Gobiner (
teal | 40 APM | 4884 actions | 121:55)
              
 8 Archmage 
 3 Blizzard
 3 Brilliance Aura
 2 Mass Teleport
 7 Blood Mage 
 3 Flame Strike
 3 Siphon Mana
 1 Summon Phoenix
 
                » actions 
                
                | Assign group hotkey | 18 |  | 
| Basic commands | 38 |  | 
| Build / train | 131 |  | 
| ESC pressed | 3 |  | 
| Enter build submenu | 72 |  | 
| Enter hero's abilities submenu | 15 |  | 
| Give item / drop item | 6 |  | 
| Right click | 1843 |  | 
| Select / deselect | 1009 |  | 
| Select group hotkey | 1184 |  | 
| Use ability | 565 |  | 
                4884 total
 » units 
                
                | Peasant | 17 |  | 
| Sorceress | 2 |  | 
| Priest | 2 |  | 
| Dragonhawk Rider | 14 |  | 
                35 total
 » upgrades
                
                | Masonry | 3 |  | 
| Lumber Harvesting | 2 |  | 
| Magic Sentry | 1 |  | 
| Sorceress Training | 2 |  | 
| Priest Training | 2 |  | 
| Backpack | 1 |  | 
| Animal War Training | 1 |  | 
| Armor | 3 |  | 
| Cloud | 1 |  | 
| Swords | 3 |  | 
| Control Magic | 1 |  | 
                20 total
 » buildings
                
                | Altar of Kings | 1 |  | 
| Farm | 12 |  | 
| Lumber Mill | 1 |  | 
| Scout Tower | 86 |  | 
| Arcane Tower | 4 |  | 
| Guard Tower | 36 |  | 
| Keep | 4 |  | 
| Town Hall | 1 |  | 
| Castle | 1 |  | 
| Arcane Vault | 2 |  | 
| Arcane Sanctum | 1 |  | 
| Blacksmith | 1 |  | 
| Barracks | 1 |  | 
| Gryphon Aviary | 1 |  | 
                152 total
 » build order
                00:07 Altar of Kings
00:14 Farm
00:23 Lumber Mill
01:04 Scout Tower
01:23 Farm
01:34 Arcane Tower
01:36 Scout Tower
01:40 Scout Tower
02:06 Guard Tower
02:22 Scout Tower
02:27 Scout Tower
02:29 Guard Tower
02:42 Scout Tower
03:04 Guard Tower
03:05 Scout Tower
03:06 Scout Tower
03:26 Guard Tower
03:27 Scout Tower
03:38 Guard Tower
03:41 Scout Tower
03:42 Scout Tower
03:43 Scout Tower
03:45 Scout Tower
03:57 Guard Tower
03:58 Guard Tower
04:00 Keep
04:00 Keep
04:00 Keep
04:20 Guard Tower
05:25 Guard Tower
05:39 Town Hall
06:00 Scout Tower
06:00 Scout Tower
06:01 Scout Tower
06:03 Scout Tower
06:09 Scout Tower
06:10 Scout Tower
06:13 Scout Tower
06:40 Farm
06:52 Castle
07:13 Guard Tower
07:34 Scout Tower
07:35 Scout Tower
07:36 Scout Tower
07:37 Scout Tower
07:38 Scout Tower
07:40 Scout Tower
07:40 Scout Tower
07:41 Scout Tower
08:05 Scout Tower
08:07 Scout Tower
08:09 Scout Tower
08:11 Scout Tower
08:12 Scout Tower
08:28 Guard Tower
08:32 Guard Tower
08:58 Guard Tower
09:01 Guard Tower
09:20 Arcane Vault
09:22 Arcane Vault
09:25 Scout Tower
09:26 Guard Tower
09:44 Guard Tower
09:54 Guard Tower
09:58 Arcane Sanctum
10:41 Guard Tower
10:55 Scout Tower
10:56 Scout Tower
10:57 Scout Tower
10:58 Scout Tower
10:59 Scout Tower
11:01 Scout Tower
11:02 Scout Tower
11:02 Scout Tower
11:03 Scout Tower
11:05 Scout Tower
12:09 Scout Tower
12:10 Scout Tower
12:13 Scout Tower
12:17 Guard Tower
12:21 Guard Tower
12:29 Farm
12:30 Farm
12:31 Farm
12:55 Arcane Tower
13:45 Guard Tower
14:15 Arcane Tower
15:51 Blacksmith
15:54 Barracks
18:23 Gryphon Aviary
18:53 Arcane Tower
29:28 Scout Tower
29:30 Scout Tower
29:31 Scout Tower
29:40 Scout Tower
32:14 Guard Tower
33:30 Scout Tower
33:32 Scout Tower
34:43 Guard Tower
34:46 Scout Tower
34:47 Scout Tower
34:48 Scout Tower
34:51 Scout Tower
35:54 Guard Tower
35:59 Scout Tower
36:01 Scout Tower
36:02 Scout Tower
36:28 Scout Tower
36:31 Guard Tower
36:32 Guard Tower
36:39 Scout Tower
36:42 Scout Tower
36:58 Scout Tower
37:01 Guard Tower
37:06 Scout Tower
37:16 Guard Tower
37:19 Scout Tower
37:27 Guard Tower
37:31 Scout Tower
37:34 Scout Tower
38:08 Guard Tower
38:34 Farm
38:35 Farm
38:36 Farm
38:36 Farm
38:37 Farm
38:38 Farm
38:44 Guard Tower
38:45 Scout Tower
38:56 Scout Tower
38:58 Scout Tower
39:02 Scout Tower
39:16 Guard Tower
39:18 Scout Tower
39:37 Guard Tower
39:48 Scout Tower
39:49 Scout Tower
39:50 Scout Tower
39:51 Scout Tower
39:52 Scout Tower
39:53 Scout Tower
39:55 Guard Tower
41:13 Guard Tower
41:17 Scout Tower
41:19 Scout Tower
41:21 Scout Tower
41:26 Scout Tower
41:29 Scout Tower
42:01 Guard Tower
42:04 Scout Tower
» items
                
                | Lesser Clarity Potion | 1 |  | 
| Healing Salve | 2 |  | 
| Boots of Speed | 2 |  | 
| Staff of Teleportation | 2 |  | 
| Orb of Lightning | 5 |  | 
| Staff of Sanctuary | 2 |  | 
                14 total
  
               
              
              
westonb (
blue | 27 APM | 3276 actions | 121:50)
              
 4 Warden 
 2 Shadow Strike
 2 Blink
 4 Keeper of the Grove 
 2 Entangling Roots
 2 Force of Nature
 
                » actions 
                
                | Assign group hotkey | 12 |  | 
| Basic commands | 109 |  | 
| Build / train | 86 |  | 
| ESC pressed | 16 |  | 
| Enter build submenu | 17 |  | 
| Enter hero's abilities submenu | 8 |  | 
| Give item / drop item | 1 |  | 
| Right click | 2121 |  | 
| Select / deselect | 512 |  | 
| Select group hotkey | 144 |  | 
| Use ability | 250 |  | 
                3276 total
 » units 
                
                | Wisp | 16 |  | 
| Druid of the Talon | 6 |  | 
| Hippogryph | 24 |  | 
| Chimaera | 2 |  | 
                48 total
 » upgrades
                
                | Strength of the Wild | 3 |  | 
| Druid of the Talon Training | 2 |  | 
| Reinforced Hides | 3 |  | 
| Nature's Blessing | 1 |  | 
| Well Spring | 1 |  | 
| Mark of the Talon | 1 |  | 
| Corrosive Breath | 1 |  | 
| Ultravision | 1 |  | 
                13 total
 » buildings
                
                | Altar of Elders | 1 |  | 
| Moon Well | 10 |  | 
| Tree of Ages | 1 |  | 
| Hunter's Hall | 1 |  | 
| Ancient of Wind | 1 |  | 
| Tree of Eternity | 1 |  | 
| Ancient of Wonders | 1 |  | 
| Tree of Life | 1 |  | 
| Chimaera Roost | 1 |  | 
                18 total
 » build order
                00:08 Altar of Elders
00:39 Moon Well
02:04 Moon Well
03:00 Moon Well
04:21 Moon Well
05:24 Moon Well
05:45 Tree of Ages
06:23 Moon Well
07:41 Moon Well
08:05 Hunter's Hall
08:39 Ancient of Wind
10:02 Moon Well
11:23 Tree of Eternity
11:54 Ancient of Wonders
16:32 Moon Well
16:42 Tree of Life
17:27 Moon Well
29:19 Chimaera Roost
» items
                
                | Boots of Speed | 2 |  | 
| Staff of Teleportation | 2 |  | 
| Orb of Venom | 2 |  | 
| Potion of Healing | 2 |  | 
| Staff of Sanctuary | 3 |  | 
| Scroll of Town Portal | 1 |  | 
| Tiny Great Hall | 1 |  | 
                13 total
  
               team 2 (loser) 
              
              
Geo.Petal (
orange | 39 APM | 1995 actions | 51:16)
              
 4 Death Knight 
 2 Death Coil
 2 Unholy Aura
 2 Pit Lord 
 1 Rain of Fire
 1 Howl of Terror
 
                » actions 
                
                | Basic commands | 177 |  | 
| Build / train | 139 |  | 
| Enter build submenu | 19 |  | 
| Enter hero's abilities submenu | 6 |  | 
| Give item / drop item | 4 |  | 
| Remove unit from queue | 6 |  | 
| Right click | 1043 |  | 
| Select / deselect | 526 |  | 
| Use ability | 75 |  | 
                1995 total
 » units 
                
                | Acolyte | 31 |  | 
| Ghoul | 9 |  | 
| Crypt Fiend | 31 |  | 
| Meatwagon | 39 |  | 
                110 total
 » upgrades
                
                | Creature Attack | 1 |  | 
| Creature Carapace | 1 |  | 
| Web | 1 |  | 
| Disease Cloud | 1 |  | 
| Exhume Corpses | 1 |  | 
                5 total
 » buildings
                
                | Altar of Darkness | 1 |  | 
| Ziggurat | 11 |  | 
| Crypt | 3 |  | 
| Tomb of Relics | 1 |  | 
| Graveyard | 1 |  | 
| Nerubian Tower | 2 |  | 
| Spirit Tower | 1 |  | 
| Halls of the Dead | 1 |  | 
| Black Citadel | 2 |  | 
| Slaughterhouse | 2 |  | 
| Sacrificial Pit | 1 |  | 
                26 total
 » build order
                00:12 Altar of Darkness
00:18 Ziggurat
00:31 Crypt
00:45 Tomb of Relics
01:07 Graveyard
01:24 Ziggurat
01:57 Nerubian Tower
03:31 Ziggurat
04:54 Spirit Tower
06:03 Halls of the Dead
07:24 Ziggurat
09:38 Black Citadel
09:38 Black Citadel
10:07 Slaughterhouse
11:15 Slaughterhouse
11:32 Ziggurat
14:26 Ziggurat
15:57 Ziggurat
24:01 Ziggurat
36:23 Ziggurat
36:24 Ziggurat
36:25 Ziggurat
39:12 Sacrificial Pit
46:22 Crypt
46:27 Crypt
» items
                
                | Rod of Necromancy | 1 |  | 
| Scroll of Town Portal | 3 |  | 
                4 total
  
               
              
              
LALA_SING_I_CAN (
pink | 46 APM | 5017 actions | 109:19)
              
 6 Demon Hunter 
 3 Mana Burn
 2 Immolation
 1 Metamorphosis
 
                » actions 
                
                | Basic commands | 8 |  | 
| Build / train | 86 |  | 
| ESC pressed | 8 |  | 
| Enter build submenu | 29 |  | 
| Enter hero's abilities submenu | 7 |  | 
| Right click | 3311 |  | 
| Select / deselect | 1396 |  | 
| Use ability | 172 |  | 
                5017 total
 » units 
                
                | Wisp | 31 |  | 
| Archer | 6 |  | 
| Dryad | 4 |  | 
| Hippogryph | 4 |  | 
| Chimaera | 16 |  | 
                61 total
 » upgrades
                
                | Strength of the Wild | 3 |  | 
| Reinforced Hides | 3 |  | 
| Abolish Magic | 1 |  | 
| Corrosive Breath | 1 |  | 
                8 total
 » buildings
                
                | Altar of Elders | 1 |  | 
| Moon Well | 8 |  | 
| Ancient of War | 1 |  | 
| Ancient of Wonders | 1 |  | 
| Tree of Ages | 2 |  | 
| Hunter's Hall | 1 |  | 
| Ancient of Lore | 2 |  | 
| Ancient of Wind | 1 |  | 
| Tree of Eternity | 2 |  | 
| Tree of Life | 4 |  | 
| Chimaera Roost | 2 |  | 
| Ancient Protector | 4 |  | 
                29 total
 » build order
                00:05 Altar of Elders
00:06 Moon Well
00:47 Ancient of War
01:31 Moon Well
01:46 Ancient of Wonders
05:05 Tree of Ages
05:05 Tree of Ages
05:43 Hunter's Hall
06:41 Moon Well
06:43 Moon Well
07:28 Ancient of Lore
08:38 Ancient of Lore
09:29 Ancient of Wind
10:01 Tree of Eternity
10:01 Tree of Eternity
11:20 Moon Well
11:22 Moon Well
12:01 Tree of Life
12:26 Chimaera Roost
12:28 Chimaera Roost
12:47 Tree of Life
18:29 Moon Well
18:31 Moon Well
20:57 Ancient Protector
21:03 Ancient Protector
21:06 Ancient Protector
21:09 Ancient Protector
34:49 Tree of Life
36:09 Tree of Life
» items
                
                | Dust of Appearance | 1 |  | 
| Staff of Teleportation | 1 |  | 
| Periapt of Vitality | 1 |  | 
| Boots of Speed | 1 |  | 
                4 total
  
               
              
              
» 
SilverWind (
green | 52 APM | 6339 actions | 121:50)
              
 4 Lich 
 2 Frost Nova
 2 Dark Ritual
 1 Death Knight 
 1 Death Coil
 1 Crypt Lord 
 1 Impale
 1 Pit Lord 
 1 Rain of Fire
 
                » actions 
                
                | Assign group hotkey | 74 |  | 
| Basic commands | 451 |  | 
| Build / train | 96 |  | 
| ESC pressed | 18 |  | 
| Enter build submenu | 24 |  | 
| Enter hero's abilities submenu | 9 |  | 
| Give item / drop item | 6 |  | 
| Right click | 1601 |  | 
| Select / deselect | 1154 |  | 
| Select group hotkey | 2532 |  | 
| Use ability | 374 |  | 
                6339 total
 » units 
                
                | Acolyte | 12 |  | 
| Ghoul | 4 |  | 
| Crypt Fiend | 16 |  | 
| Meatwagon | 12 |  | 
| Necromancer | 8 |  | 
| Obsidian Statue | 3 |  | 
| Gargoyle | 3 |  | 
                58 total
 » upgrades
                
                | Burrow | 2 |  | 
| Exhume Corpses | 1 |  | 
| Necromancer Training | 2 |  | 
| Skeletal Longevity | 1 |  | 
| Skeletal Mastery | 1 |  | 
| Disease Cloud | 1 |  | 
| Web | 1 |  | 
| Stone Form | 1 |  | 
| Creature Attack | 1 |  | 
| Creature Carapace | 1 |  | 
                12 total
 » buildings
                
                | Ziggurat | 10 |  | 
| Altar of Darkness | 1 |  | 
| Crypt | 1 |  | 
| Graveyard | 1 |  | 
| Tomb of Relics | 1 |  | 
| Nerubian Tower | 2 |  | 
| Halls of the Dead | 3 |  | 
| Temple of the Damned | 2 |  | 
| Slaughterhouse | 1 |  | 
| Black Citadel | 2 |  | 
| Spirit Tower | 3 |  | 
                27 total
 » build order
                00:08 Ziggurat
00:10 Altar of Darkness
00:40 Crypt
01:07 Graveyard
01:31 Tomb of Relics
01:38 Ziggurat
02:31 Nerubian Tower
02:31 Nerubian Tower
03:59 Halls of the Dead
03:59 Halls of the Dead
05:13 Ziggurat
06:27 Temple of the Damned
06:28 Temple of the Damned
06:30 Slaughterhouse
07:49 Ziggurat
09:01 Black Citadel
09:01 Black Citadel
11:42 Ziggurat
14:34 Ziggurat
15:42 Spirit Tower
19:48 Ziggurat
56:20 Ziggurat
57:41 Ziggurat
57:42 Ziggurat
64:14 Spirit Tower
64:14 Spirit Tower
» items
                
                | Rod of Necromancy | 1 |  | 
| Dust of Appearance | 2 |  | 
| Scroll of Healing | 1 |  | 
| Scroll of Town Portal | 1 |  | 
| Staff of Teleportation | 1 |  | 
                6 total
  
                Chat log
          (00:17 / Allies) Gobiner: guess I'm not in vent anymore
(00:48 / Allies) westonb: ill get aoe
(01:22 / Allies) westonb: kotg?
(03:34 / All) LALA_SING_I_CAN: yawn
(09:34 / Allies) westonb: needs sight
(10:38 / All) LALA_SING_I_CAN: haha
(11:39 / Allies) westonb: lightening or poison
(23:40 / All) LALA_SING_I_CAN: kk
(23:44 / All) Gobiner: k
(24:02 / Allies) westonb: im out of gold too
(24:12 / Allies) westonb: but i have lum
(24:57 / All) Geo.Petal: ....
(24:59 / All) Geo.Petal: wtf is this shit?
(32:43 / Allies) westonb: 2k?
(32:47 / Allies) Gobiner: 24
(32:49 / Allies) Gobiner: 2x12
(32:53 / Allies) westonb: oh
(32:55 / Allies) westonb: not yet
(32:57 / Allies) Gobiner: do it
(33:00 / Allies) Gobiner: then feed me back
(33:10 / Allies) westonb: getting 2 chims
(34:34 / Allies) westonb: hawk
(34:37 / All) Blahsmack: manner game please
(34:56 / All) Geo.Petal: this is how u win?
(35:02 / All) Gobiner: this is how u lose?
(35:09 / All) Geo.Petal: well
(35:15 / All) Geo.Petal: ive never seen such a pussy strat
(35:16 / All) Geo.Petal: so
(35:20 / All) Geo.Petal: i guess so
(35:27 / All) Gobiner: I've never seen such terrible opponents
(35:30 / All) Geo.Petal: lol
(37:09 / All) Geo.Petal: now
(37:13 / All) Geo.Petal: the waiting game
(37:18 / All) LALA_SING_I_CAN: LOL
(37:24 / All) Gobiner: waiting for you to get any skills
(37:28 / All) Geo.Petal: sure
(37:30 / All) Geo.Petal: waiting for u
(37:33 / All) Geo.Petal: to get a real strat
(37:34 / All) Blahsmack: its like eve on line
(37:37 / All) Geo.Petal: instead of hide behind towers
(37:38 / All) Blahsmack: the more you wait
(37:43 / All) Blahsmack: the more skills you train
(41:49 / All) Gobiner: scan the right mountain
(41:51 / All) Gobiner: and despair
(42:45 / Allies) westonb: \need 350 blah
(42:48 / Allies) westonb: =[
(42:53 / Allies) westonb: oh right upkeep
(42:54 / Allies) westonb: ugh
(42:57 / Allies) westonb: goddamnit sorry
(43:22 / Allies) westonb: plan b
(43:44 / All) Gobiner: nice
(43:50 / All) Gobiner: dumb shitnoobs learned sight
(44:00 / All) SilverWind: That was uncalled for
(44:01 / All) Geo.Petal: plz
(44:03 / All) Geo.Petal: all u do
(44:04 / All) Geo.Petal: is just wait
(44:06 / All) Geo.Petal: and harass
(44:07 / All) Geo.Petal: for 2 hours
(44:19 / All) Gobiner: all you do is suicide units into towers
(44:22 / All) Gobiner: very pro
(44:24 / All) Geo.Petal: sure
(44:26 / All) Gobiner: how can I learn to play like that
(45:20 / All) Gobiner: well I'm sure you've got a plan
(45:41 / All) Gobiner: 300 food necrowagon and chippo didn't work but I'm sure with one expo you can win it
(47:01 / Allies) westonb: why didn't that go up
(48:02 / All) Geo.Petal: ran outta gold yet?
(48:12 / All) Blahsmack: dude i todl you towers woudlnt work teal
(48:13 / All) Gobiner: doesn't cost anything to use tp staff sorry
(48:15 / All) Blahsmack: not enuff gold
(48:19 / Allies) westonb: ate too many trees
(48:22 / All) Blahsmack: fukken bullshit
(48:31 / All) SilverWind: Talk in private if your gonna lie <.<
(48:39 / All) Gobiner: why would we go to private to lie
(48:42 / All) Gobiner: that doesn't make any sense
(48:48 / All) Gobiner: dumb shitbit noobs
(48:49 / All) SilverWind: Neither does your strat
(48:54 / All) SilverWind: That was uncalled for
(51:11 / All) SilverWind: Invis kodo?
(51:20 / All) Gobiner: goodbye noobs
(51:25 / All) LALA_SING_I_CAN: ???
(51:26 / All) SilverWind: He had to go
(51:28 / All) SilverWind: Ive got iem
(52:38 / All) Blahsmack: new ladder
(52:40 / All) Blahsmack: new season
(52:45 / All) SilverWind: Ya I was happy about that
(52:51 / All) Gobiner: have you seen our mountaintop yet
(55:27 / Allies) westonb: bs
(57:57 / All) Blahsmack: who plays boring games like these
(58:01 / All) Blahsmack: oh right
(58:03 / All) Blahsmack: you guys
(58:05 / All) SilverWind: I was thinking the same thing
(58:11 / All) SilverWind: I didnt invent the strat
(58:14 / All) Blahsmack: hey youre the fgagots still here
(58:15 / All) SilverWind: I was just playing agasints it
(58:28 / All) Blahsmack: so why dont you take the hint and leave
(58:38 / All) Gobiner: nice tp
(58:51 / All) Gobiner: 350g down the drain
(58:55 / All) Gobiner: how much you got left
(59:03 / All) SilverWind: hmm
(59:03 / All) SilverWind: 93
(59:08 / All) LALA_SING_I_CAN: 1000
(59:15 / All) Gobiner: I let you kill my ground towers
(59:22 / All) LALA_SING_I_CAN: F u
(59:25 / All) Gobiner: no joke
(60:50 / All) Gobiner: gg
(61:03 / All) SilverWind: I think its far from it
(61:17 / All) Blahsmack: its gg
(61:21 / All) Blahsmack: denial
(61:25 / All) Blahsmack: the first
(61:29 / All) Blahsmack: reaction
(61:32 / All) Gobiner: you're right it's not a gg
(61:33 / All) Blahsmack: to all problems
(61:33 / All) Gobiner: its a bg
(61:35 / All) Gobiner: 2ez
(61:38 / All) Gobiner: 2ez to be a good game
(62:23 / All) LALA_SING_I_CAN: u guys are fucken noobs so shut the fuck up god stop acting like pros u littel pieces of shits
(62:33 / All) Blahsmack: hey buddy calm down
(62:37 / All) Blahsmack: manners please
(62:42 / All) LALA_SING_I_CAN: fuck u red
(62:43 / All) Gobiner: fuckin noobs lost to towers only LOL
(63:03 / All) Gobiner: thanks for free chim
(64:12 / All) SilverWind: This could last awhile..
(64:16 / All) Blahsmack: no
(64:17 / All) westonb: not really
(64:18 / All) Blahsmack: :)
(64:18 / All) Gobiner: nahh
(64:23 / All) SilverWind: Well at this rate..
(64:31 / All) westonb: it'll pick up
(64:33 / All) Blahsmack: see you think we dont like waiting around
(64:44 / All) SilverWind: I dont mind waiting either
(64:44 / All) Blahsmack: you wanna wait around?
(64:46 / All) SilverWind: Ive got time
(64:52 / All) LALA_SING_I_CAN: same
(64:53 / All) Blahsmack: lets wait till sun up tommarow
(64:57 / All) Gobiner: no we hate long games
(65:00 / All) Gobiner: thats why we mass tower
(65:03 / All) Gobiner: for quick wins
(65:14 / All) SilverWind: That dosent make sense..
(65:23 / All) westonb: sarcasm
(65:26 / All) LALA_SING_I_CAN: dey noobs
(65:30 / All) Blahsmack: sarcam slide
(65:31 / All) LALA_SING_I_CAN: wat u expect
(65:32 / All) SilverWind: Well...
(65:32 / All) westonb: it doesn't translate well over the internet
(65:39 / All) SilverWind: Sarcasm is defined as tone
(65:41 / All) Blahsmack: 420
(65:41 / All) SilverWind: And sense
(65:46 / All) SilverWind: Ya..
(67:14 / All) SilverWind: Hmm
(67:40 / Allies) westonb: oops
(68:49 / Allies) westonb: yomp yomp
(70:37 / All) SilverWind: Hmm
(72:42 / All) SilverWind: This isnt getting anywhere..
(72:45 / All) Gobiner: so quit
(72:51 / All) LALA_SING_I_CAN: no ty
(72:53 / All) SilverWind: ill pass
(72:58 / All) Gobiner: well keep talking about it
(73:01 / All) Gobiner: that'll pass the time
(73:10 / All) Gobiner: do you know what the record is for a highperch?
(73:11 / All) Gobiner: 17h
(73:17 / All) SilverWind: i havent lost yet?
(73:20 / All) Gobiner: but I think we can beat the record tonight!!!
(73:24 / All) SilverWind: 17h?
(73:31 / All) Gobiner: 17 hours you dumb gook
(73:45 / All) SilverWind: I thought u meant win/loss ration
(73:49 / All) SilverWind: Ratio^
(73:55 / All) SilverWind: and who says Gook?
(74:04 / All) LALA_SING_I_CAN: nerds
(74:12 / All) Blahsmack: youre still here
(74:15 / All) Blahsmack: whos the nerd
(74:17 / All) Blahsmack: me or you
(74:21 / All) LALA_SING_I_CAN: u
(74:22 / All) SilverWind: ive got time <.<
(74:29 / All) LALA_SING_I_CAN: not me
(74:35 / All) Gobiner: so spend it losing
(74:49 / All) SilverWind: Says the guy who spent 17h playing a game?
(74:57 / All) LALA_SING_I_CAN: LOL
(75:13 / All) Blahsmack: youre here with me
(75:17 / All) SilverWind: Once
(75:17 / All) Blahsmack: and thats all that counts
(77:01 / All) SilverWind: Y would u get on that ledge anyways?
(77:05 / All) Gobiner: why not
(77:08 / All) LALA_SING_I_CAN: LOL
(77:16 / All) Gobiner: why would we get on the mountain
(77:18 / All) SilverWind: Good point
(77:23 / All) Gobiner: have you checked the right mountain yet?
(77:24 / All) Blahsmack: the maps name
(77:27 / All) Blahsmack: is
(77:32 / All) Blahsmack: "highperch'
(77:37 / All) Blahsmack: there very grounds
(77:41 / All) Blahsmack: on which we battle
(78:22 / All) SilverWind: To bad all the mines are gone = \
(78:33 / All) SilverWind: Miss = \
(79:02 / Allies) westonb: heal up
(79:12 / All) LALA_SING_I_CAN: HO
(79:16 / All) SilverWind: He died
(79:26 / All) westonb: we were telling him the whole time to get back
(79:31 / All) SilverWind: O
(79:33 / All) Gobiner: dumbest noob ever
(79:40 / All) westonb: but we love him anyways
(79:43 / All) Gobiner: except you guys of course
(79:47 / All) SilverWind: Thats kinda gay..
(79:54 / All) westonb: takes one to do one
(79:59 / All) Blahsmack: how is is that you lost a game to me
(80:00 / All) SilverWind: What?
(80:04 / All) Blahsmack: im so bhad at this game
(80:04 / All) westonb: takes
(80:05 / All) SilverWind: We havent lost
(80:06 / All) westonb: to
(80:07 / All) westonb: do
(80:07 / All) Blahsmack: its not even funny
(80:08 / All) westonb: one
(80:19 / All) westonb: What is your plan to come back to victory
(80:23 / All) SilverWind: Wait
(80:25 / All) westonb: oh?
(80:28 / All) SilverWind: If only I had Human..
(80:31 / All) Blahsmack: ahahhaa
(80:33 / All) Gobiner: if only you had skills
(80:34 / All) Blahsmack: HAHAHHAA
(80:38 / All) SilverWind: And if i gave it away it wouldnt be much of a plan..
(80:41 / All) westonb: maybe you should remake as human
(80:42 / All) Gobiner: you still haven't checked our mountain
(80:44 / All) Gobiner: dumb noobs
(80:48 / All) SilverWind: Yes i have
(80:52 / All) Blahsmack: no you havent
(80:54 / All) SilverWind: You towered on the right side of the map
(80:58 / All) SilverWind: Near the fountion
(81:02 / All) SilverWind: Which was pointless..
(81:07 / All) Blahsmack: was it
(81:10 / All) SilverWind: Yes
(81:11 / All) Blahsmack: why the elipses
(81:11 / All) Gobiner: you can't possibly win
(81:12 / All) westonb: do you have a way of killing these towers?
(81:16 / All) SilverWind: Actualyl..
(81:17 / All) Blahsmack: its like you want to say more
(81:18 / All) SilverWind: Yes
(81:22 / All) westonb: oh?
(81:24 / All) SilverWind: Corrosive breathe would do it
(81:46 / All) Blahsmack: owned
(81:47 / All) SilverWind: D:
(81:48 / All) westonb: and what about our hundreds of food worth of anti-air
(81:59 / All) westonb: correction
(82:19 / All) SilverWind: <.<
(82:44 / All) westonb: where's that corrosive breathe
(82:56 / All) SilverWind: It just came outta your mouth?
(82:57 / All) Gobiner: what are your chims going to do against 24 hippos?
(83:02 / All) SilverWind: Web <.<
(83:08 / All) westonb: on the mountain?
(83:09 / All) LALA_SING_I_CAN: rape them in the bum
(83:14 / All) SilverWind: I will wait
(83:17 / All) Gobiner: dumb gook noobs
(83:20 / All) Blahsmack: you cant
(83:21 / All) Gobiner: dumb dumb dumb
(83:22 / All) SilverWind: Besides if i gave everything away..
(83:22 / All) westonb: until we get off the mountain?
(83:41 / All) Gobiner: sorry no xp allowed
(83:42 / All) Blahsmack: i have time im immortal
(83:48 / All) SilverWind: I have a way
(83:50 / All) Blahsmack: i have withhin me blood of kings
(83:54 / All) SilverWind: But i cant really give it away as of now
(83:59 / All) Blahsmack: no man can be my equal
(84:01 / All) Gobiner: yeah
(84:16 / All) Gobiner: furiously searching for 1.22 tie hacks
(84:23 / All) Blahsmack: LOL
(84:24 / All) Gobiner: GOOGLE MOTHERFUCKER
(84:26 / All) Gobiner: GO
(84:27 / All) Blahsmack: so nooby
(84:35 / All) SilverWind: ..?
(84:36 / All) westonb: they are making them RIGHT NOW
(84:43 / All) SilverWind: ...?
(84:45 / All) westonb: dual screen
(84:48 / All) Blahsmack: HACK THE PLANET
(88:15 / All) Blahsmack: buy anotbher one you ri8ch mother fuckah
(88:20 / All) Blahsmack: AAAAAHHH CHARILIE MURPHY
(88:33 / All) Blahsmack: do you guyz watch davez chappelz
(90:27 / All) Gobiner: magic immune
(90:28 / All) Gobiner: shitnoob
(90:33 / All) SilverWind: ?
(90:38 / All) SilverWind: That dosent affect air
(90:43 / All) SilverWind: But it gives us vision
(90:43 / All) westonb: Rain of Fire
(94:47 / All) SilverWind: Can you just attack or something?
(94:51 / All) Gobiner: u
(94:53 / All) westonb: no u
(94:58 / All) SilverWind: What run into mass towers?
(95:03 / All) Gobiner: do it
(95:06 / All) SilverWind: Ill pass
(95:12 / All) SilverWind: At least wait for me to get lvl 6
(96:25 / All) Gobiner: nice attack
(96:30 / All) SilverWind: What ever happen to the warden?
(96:31 / All) Gobiner: if only I weren't level 7
(96:48 / All) Gobiner: with level 3 mana regen
(97:11 / All) Blahsmack: sell ur buildings and make sum ghoulz
(97:31 / All) SilverWind: I need more xp = \
(98:44 / All) Blahsmack: www.highper.ch for more games like this
(99:16 / All) SilverWind: You guys act as if you have already won
(99:19 / All) Gobiner: we have
(99:20 / All) Gobiner: noobs
(99:22 / All) SilverWind: You wont post it
(99:26 / All) Gobiner: we never lose sorry
(99:29 / All) westonb: why?
(101:20 / All) SilverWind: So what happens if you dont get this map
(101:23 / All) SilverWind: ?
(101:26 / All) Gobiner: nothing
(101:31 / All) Gobiner: we've never not gotten this map
(103:03 / All) SilverWind: What do you mean you've never got this map before?
(103:10 / All) Gobiner: yes thats what I mean
(103:24 / All) SilverWind: "www.highperch.ch for more games like this"
(103:28 / All) Blahsmack: weve never done this before
(103:35 / All) Gobiner: highper.ch
(103:36 / All) SilverWind: That doesnt make sense..
(103:52 / All) westonb: you're right, highperch.ch doesn't make sense
(103:57 / All) westonb: he's a little slow
(104:01 / All) Blahsmack: what doesnt make sense is you entetain some illusion of you winning this game
(104:01 / All) SilverWind: Thats not what i was refering to
(104:08 / All) Blahsmack: entertaining*
(104:20 / All) SilverWind: I havent lost <.<
(104:25 / All) SilverWind: Im not saying im going to win
(104:27 / All) Blahsmack: denial
(104:30 / All) Gobiner: you have no way to kill towers
(104:30 / All) SilverWind: But I havent lost quite yet
(104:32 / All) Blahsmack: deny
(104:33 / All) SilverWind: Alright
(104:34 / All) Gobiner: sorry
(104:35 / All) Blahsmack: all you want
(104:35 / All) SilverWind: How about this
(104:40 / All) SilverWind: We could
(104:43 / All) SilverWind: Get a garg
(104:49 / All) Blahsmack: AND DO WHAT?
(104:50 / All) SilverWind: (Stone form is already upg)
(104:52 / All) Blahsmack: DO WHAT
(104:58 / All) Blahsmack: WHATS YOUR BRILLAINT PLAN?
(105:00 / All) SilverWind: Take him to an unbuildable spot
(105:15 / All) SilverWind: or a blindspot near the ledge where towers cant reach
(105:20 / All) SilverWind: Use stone form
(105:27 / All) SilverWind: Then use rods to tp there
(105:30 / All) SilverWind: And kill with heros?
(105:33 / All) SilverWind: How is that?
(105:36 / All) Gobiner: not gonna happen
(105:41 / All) Gobiner: we got 200 food sitting on perch
(105:43 / All) SilverWind: Well Like i was saying
(105:48 / Allies) Blahsmack: thats actually suicide
(105:49 / All) westonb: how you gonig to stone form
(105:49 / All) SilverWind: It isnt impossibly
(105:51 / Allies) Blahsmack: and pretty stupid
(105:53 / All) SilverWind: Impossibe for me to win
(105:55 / All) SilverWind: We already have
(105:56 / All) westonb: with what gold
(105:56 / All) Blahsmack: actually suicide
(105:58 / All) Gobiner: it is sorry
(105:59 / All) westonb: for what Gargs
(106:04 / All) Gobiner: hero's don't kill towers alone
(106:07 / All) SilverWind: Actually I already see a spot right now
(106:12 / All) SilverWind: Well With death and decay they do
(106:16 / All) SilverWind: :D
(106:23 / All) Gobiner: there isn't enough room for two heroes
(106:24 / All) westonb: with chims?
(106:33 / All) SilverWind: Who said anything about chims?
(106:43 / All) westonb: do you have air besides chims
(106:44 / All) Blahsmack: what happened 
(106:47 / All) Blahsmack: to the chims
(106:50 / All) Blahsmack: by the way
(106:51 / All) SilverWind: As of now No
(106:57 / All) SilverWind: But, I do have enuf resources to get them
(107:02 / All) Gobiner: sorry the only way to destroy a perch is with 200 food wyrm, 100 food cloudhawks
(107:11 / All) SilverWind: (I.E. Selling Items or unsummons)
(107:20 / All) westonb: feel free, please do
(107:25 / All) SilverWind: Or with Strategy
(107:26 / All) westonb: how are you goign to get the gold for the zigs?
(107:33 / All) SilverWind: I dont need it :D
(107:36 / All) SilverWind: I can sell items
(107:42 / All) westonb: food?
(107:46 / All) SilverWind: I can sell items
(107:48 / All) Blahsmack: if you do win with what you ahve we definetly have to post it becuase it would be a pro play on your part
(107:55 / All) Blahsmack: but we all know that isnt going to happen
(107:55 / All) SilverWind: Alright
(107:58 / All) Blahsmack: sorry :)
(108:05 / All) SilverWind: Or I could just wait for a thunderstorm :D
(108:32 / All) Gobiner: thanks
(108:33 / All) westonb: aww i didn't get a level
(108:34 / All) Gobiner: for the free xp
(108:57 / All) Gobiner: its skills like those that make our perch unassailable
(109:10 / All) SilverWind: It isnt "unassailable"
(109:11 / All) LALA_SING_I_CAN: shut up noobs
(109:15 / All) Blahsmack: hahahhaa
(109:29 / All) Blahsmack: oh what happened
(109:32 / All) Blahsmack: wait
(109:33 / All) SilverWind: He had no units
(109:37 / All) SilverWind: Besides
(109:38 / All) Blahsmack: i thought tou havent loset
(109:40 / All) SilverWind: 2 chism
(109:45 / All) Blahsmack: show manners noobs
(109:45 / All) SilverWind: So its pointless for him to stay
(109:46 / All) Blahsmack: stay
(109:48 / All) SilverWind: ?
(109:50 / All) Blahsmack: and lose a 4 hour game
(109:52 / All) Blahsmack: please
(110:01 / All) SilverWind: Like I said, I've got tiem
(110:48 / All) SilverWind: hmm
(111:02 / All) Blahsmack: pit lord can only do that three times anyways
(111:05 / All) Blahsmack: :)
(111:11 / All) SilverWind: Hmm
(111:20 / All) SilverWind: Well Ive got nova coil and impale
(111:35 / All) Gobiner: which isn't enough to kill 1000hp am
(111:42 / All) SilverWind: It is if i can stunlock
(111:48 / All) Gobiner: stunlock?
(111:51 / All) westonb: what am hu staffs?
(111:51 / All) SilverWind: However, its hard to see vision
(111:53 / All) Gobiner: with 2 level 1 impales?
(111:57 / All) SilverWind: Yes
(111:58 / All) SilverWind: :D
(112:06 / All) SilverWind: So lets see..
(112:11 / All) SilverWind: Coil does 300 dmg
(112:16 / All) Gobiner: -25%
(112:17 / All) SilverWind: And i can use 4
(112:30 / All) SilverWind: Rain of fire im not gonna try to calculate <.<
(112:31 / All) westonb: so 225
(112:43 / All) westonb: ruh roh, somebody not very good at math =[
(112:43 / All) SilverWind: Nova 200 dmg i can use 3 tiems
(112:46 / All) Blahsmack: if you dont caclculate then how do you win?
(112:48 / All) westonb: -25%
(112:58 / All) SilverWind: ?
(113:00 / All) Blahsmack: how do you even function?
(113:05 / All) Blahsmack: if you dont do mathz
(113:07 / All) SilverWind: ...?
(113:14 / All) westonb: heros do not receive full spell damage
(113:18 / All) westonb: highlight your armor icon
(113:31 / All) SilverWind: I actually got 57/60 math questions right on my TAKS test (Texas assessment of Education)
(113:41 / All) westonb: WOW
(113:42 / All) Blahsmack: ok smart guy
(113:45 / All) westonb: texas is SMRT!
(113:45 / All) SilverWind: = \
(113:49 / All) westonb: they got that George W
(113:50 / All) westonb: huh
(113:51 / All) Gobiner: hahahahahaha
(113:52 / All) Gobiner: texas
(113:55 / All) SilverWind: He is a retard = \
(113:55 / All) Gobiner: it all makes sense now
(113:56 / All) Blahsmack: c's get degrees?
(114:00 / All) Blahsmack: just like ole georgey
(114:21 / All) westonb: SO is this Texas test like for Middle school?
(114:22 / All) SilverWind: Did you know Texas is 4th highest scoring State on SATS?
(114:32 / All) Blahsmack: wonder why
(114:36 / All) westonb: what's the population of texas?
(114:36 / All) Gobiner: because they execute all the retards
(114:43 / All) SilverWind: No, you have to pass it your Junior year and your Senior year to graduate
(115:00 / All) westonb: Pass being, above 30% ?
(115:06 / All) SilverWind: 70%
(115:11 / All) westonb: oic
(115:11 / All) Blahsmack: theres more educated mexicans sneaking in to it?
(115:13 / All) westonb: sounds tough
(115:26 / All) westonb: so what was the hardest question you saw on that Texan Test?
(115:28 / All) SilverWind: That dosent make sense..
(115:31 / All) SilverWind: Hmm
(115:40 / All) SilverWind: I'm honeslty not sure
(115:43 / All) Gobiner: do you know how many periods are in ellipses
(115:46 / All) SilverWind: Ill think about it
(115:49 / All) Gobiner: I'll give you a hint (it's not 2)
(116:05 / All) SilverWind: 1 sec..
(116:11 / All) westonb: alright
(116:16 / All) westonb: dot dot (dot)
(116:19 / All) SilverWind: sorry
(116:26 / All) SilverWind: Aunt is getting mad at me for not watch dog
(116:28 / All) westonb: i see you have a firm grasp on time
(116:28 / All) SilverWind: <.<
(116:40 / All) westonb: ruh roh, scooby doo wants to poo?
(116:47 / All) westonb: hardest test question
(116:48 / All) westonb: fire!
(116:49 / All) Blahsmack: spend your time on computers rather than witha another living being?
(116:55 / All) SilverWind: ?
(117:01 / All) SilverWind: Like i said before
(117:03 / All) westonb: ignore him, slow child
(117:04 / All) Blahsmack: why didnt you go watch the dog
(117:08 / All) SilverWind: Im not the one who played a 17 hour game
(117:19 / All) Blahsmack: yes you are
(117:20 / All) Gobiner: you're the one that lost a 3 hour game
(117:22 / All) westonb: ok, well i'd like to compare my intellegence, we need some kind of test
(117:27 / All) SilverWind: ?
(117:33 / All) SilverWind: What question u ask blue?
(117:36 / All) westonb: what is your hardest Texas Test Question
(117:44 / All) SilverWind: im not sure <.<
(117:49 / All) SilverWind: Its not like i remember them..
(117:55 / All) westonb: perhaps an example of ANY question
(118:08 / All) westonb: knowledge
(118:15 / All) westonb: so
(118:18 / All) westonb: any question
(118:19 / All) SilverWind: Lets se..
(118:23 / All) SilverWind: The last things we were doing
(118:26 / All) westonb: perhaps even make up something that is "too hard"
(118:30 / All) SilverWind: Were Area for Ellipses etc..
(118:35 / All) SilverWind: Vertical Horizontaly
(118:38 / All) westonb: very useful knowledge
(118:40 / All) SilverWind: Horizontal
(118:46 / All) SilverWind: I thought so to. <.<
(119:06 / All) SilverWind: And identifying the Elipses
(119:12 / All) SilverWind: Based on equations
(119:17 / All) westonb: Texas has hard-on for elipses
(119:19 / All) Gobiner: how old are you son
(119:22 / All) SilverWind: 17
(119:24 / All) Gobiner: ic
(119:37 / All) SilverWind: But thats the last thing i can remember
(119:39 / All) westonb: if only we could make Texas into an elipsis...
(119:43 / All) Gobiner: well I'm sorry but this isn't going to be a record breaking game
(119:44 / All) SilverWind: lol...
(120:05 / All) Blahsmack: were not posting it nothing special went on here
(120:38 / All) westonb: So how does one identify an elipse?
(120:45 / All) SilverWind: Based on the equation
(120:46 / All) SilverWind: Like..
(120:47 / All) Gobiner: it looks like a circle
(120:48 / All) westonb: i mean, is there some kind of Elipse-radar
(120:50 / All) Gobiner: but it's squished
(120:52 / All) SilverWind: How many squarded tterms
(120:56 / All) SilverWind: etcs..
(121:05 / All) SilverWind: If there are squared terms
(121:09 / All) westonb: OH
(121:13 / All) westonb: Like a circle?
(121:18 / All) SilverWind: Not really..
(121:21 / All) westonb: circles don't have squarded terms?
(121:28 / All) SilverWind: but the area for them do
(121:45 / All) westonb: the area is measured in non squarded terms for a circle?
(121:50 / All) westonb: or*